 Dungeon Crawl Stone Soup version 0.30-a0-613-gdd512c7efb (webtiles) character file.

Game seed: 2846844011593998933

431 Sabo the Firebug (level 6, -5/38 HPs)
             Began as an Octopode Fire Elementalist on Jan 7, 2023.
             Slain by a river rat (9 damage)
             ... on level 4 of the Dungeon on Jan 8, 2023.
             The game lasted 00:26:46 (4336 turns).

Sabo the Firebug (Octopode Fire Elementalist)       Turns: 4336, Time: 00:26:46

Health: -5/38      AC:  1    Str: 10    XL:     6   Next: 99%
Magic:  11/11      EV: 13    Int: 17    God:
Gold:   145        SH:  0    Dex: 12    Spells: 8/12 levels left

rFire   + . .      SeeInvis .    v - +8 sling "Dar Yhut" {flame, rCorr}
rCold   x . .      Faith    .    (no shield)
rNeg    . . .      Spirit   .    (helmet restricted)
rPois   .          Reflect  .    (no amulet)
rElec   .          Harm     .    b - ring of fire
rCorr   +          Rampage  .    (no ring)
Will    .....                    (no ring)
Stlth   ++++                     (no ring)
HPRegen 0.26/turn                (no ring)
MPRegen 0.12/turn                (no ring)
                                 (no ring)
                                 (no ring)

@: lethally poisoned (-5 -> -7), studying Short Blades
A: almost no armour, amphibious, 8 rings, camouflage 1, gelatinous body 1,
nimble swimmer 1, tentacles
a: no special abilities


You were on level 4 of the Dungeon.
You visited 1 branch of the dungeon, and saw 4 of its levels.

You collected 145 gold pieces.

Inventory:

Hand Weapons
 f - a +0 hand axe of electrocution
 o - a +2 quarterstaff of chaos
 p - a +6 heavy scythe
 v - the +8 sling "Dar Yhut" (weapon) {flame, rCorr}
   (You found it on level 3 of the Dungeon)

   rCorr:     It protects you from acid and corrosion.
Missiles
 g - 6 poisoned darts
 q - 4 javelins
Jewellery
 b - a ring of fire (left tentacle)
Wands
 n - a wand of roots (7)
 t - a wand of paralysis (13)
Scrolls
 c - a scroll of vulnerability {unknown}
 d - a scroll of amnesia {unknown}
 e - a scroll of teleportation
 j - 2 scrolls of identify {unknown}
 k - a scroll of brand weapon {unknown}
 m - a scroll of noise {unknown}
 r - a scroll of blinking {unknown}
Potions
 a - a potion of magic
 h - 3 potions of degeneration {unknown}
 i - a potion of invisibility {unknown}
 s - a potion of cancellation {unknown}
 u - 2 potions of attraction {unknown}
 w - a potion of haste {unknown}


   Skills:
 + Level 1.2 Fighting
 + Level 2.4 Axes
 + Level 0.1 Throwing
 + Level 2.3 Dodging
 + Level 3.8 Stealth
 + Level 3.7 Spellcasting
 + Level 2.6 Conjurations
 + Level 4.6 Fire Magic


You had 8 spell levels left.
You knew the following spells:

 Your Spells              Type           Power      Damage    Failure   Level
a - Foxfire               Conj/Fire      92%        2x1d8     3%          1
b - Inner Flame           Hex/Fire       16%        N/A       19%         3

Your spell library contained the following spells:

 Spells                   Type           Power      Damage    Failure   Level
 Scorch                   Fire           56%        2d8       3%          2
 Kindle Blastsparks       Fire/Tloc/Air  24%        2d12      26%         3
 Flame Wave               Conj/Fire      23%        2d8       36%         4


Dungeon Overview and Level Annotations

Branches:
Dungeon (4/15)
 Temple: D:4-7

Altars:
Trog
Xom
Zin


Innate Abilities, Weirdness & Mutations

You cannot wear most types of armour.
You are amphibious.
You can wear up to eight rings at the same time.
Your skin changes colour to match your surroundings (Stealth+).
Your rubbery body absorbs attacks. (AC +1, EV +1)
You are camouflaged when in or above water. (Stealth+)
You have tentacles for arms and can constrict up to eight enemies at once.


Message History

Fire: v) +8 sling "Dar Yhut" {flame, rCorr}
Press: ? - help, Q - select action, (/) - cycle Shift-Dir - straight line, f/p - adder
Aim: an adder (severely wounded, 48% to hit)
You shoot a sling bullet. The sling bullet misses the adder.
You feel sick. The adder misses you. The adder bites you.
The adder closely misses you. The adder bites you but does no damage.
Unknown command.
Fire: v) +8 sling "Dar Yhut" {flame, rCorr}
Press: ? - help, Q - select action, (/) - cycle Shift-Dir - straight line, f/p - adder
Aim: an adder (severely wounded, 48% to hit)
You shoot a sling bullet. The sling bullet misses the adder.
You feel sick. The adder bites you.
* * * LOW HITPOINT WARNING * * *
The adder bites you.
* * * LOW HITPOINT WARNING * * *
The adder bites you.
* * * LOW HITPOINT WARNING * * *
You are more poisoned.
The adder poisons you!
Unknown command.
You feel better. The adder closely misses you. The adder barely misses you.
The adder closely misses you.
You shoot a sling bullet. The sling bullet hits the adder!
The sling bullet burns the adder.
You kill the adder!
The adder bites you.
You are poisoned.
The adder poisons you! The adder bites you.
* * * LOW HITPOINT WARNING * * *
You shoot a sling bullet.
The sling bullet barely misses the river rat.
The sling bullet barely misses the adder.
You feel sick. The adder bites you.
* * * LOW HITPOINT WARNING * * *
The river rat barely misses you.
You shoot a sling bullet. The sling bullet hits the adder!
The sling bullet burns the adder.
You kill the adder!
You feel sick. The river rat misses you. The river rat bites you!
You die...

...# ...# ..# ..# # #
#.# #~#w#### #.#.#
#~~~Sr@##+##
#.#.########~#...##
#...~~~~~~~~~#....##
##..~~#~#~####....[##
#...~.~~~~~........#
#.......~..........###
#....................#
#.##..###.#..........#
#. ##.# #.##......#...


You could see a worm, an adder and a river rat.

Vanquished Creatures
  Sigmund (D:3)
  A scorpion (D:3)
  Crazy Yiuf (D:2)
  A jelly (D:4)
  Terence (D:3)
  Robin (D:2)
  5 adders
  3 worms
  2 dart slugs
  6 endoplasms
  3 giant cockroaches
  13 goblins
  6 hobgoblins
  2 jackals (D:2)
  4 quokkas
  4 ball pythons
  6 bats
  A frilled lizard (D:1)
  3 kobolds
  2 rats
66 creatures vanquished.

Vanquished Creatures (others)
  104 foxfires
  A plant (D:3)
105 creatures vanquished.

Grand Total: 171 creatures vanquished

Notes
Turn   | Place    | Note
-------+----------+-------------------------------------------
     0 | D:1      | Sabo the Octopode Fire Elementalist began the quest for the
                  | Orb.
     0 | D:1      | Reached XP level 1. HP: 11/11 MP: 3/3
   523 | D:1      | Reached XP level 2. HP: 17/17 MP: 5/5
  1422 | D:2      | Reached XP level 3. HP: 21/21 MP: 4/6
  1630 | D:2      | Found a shimmering altar of Xom.
  1959 | D:2      | Noticed Robin
  1973 | D:2      | Killed Robin
  1974 | D:2      | Reached XP level 4. HP: 8/27 MP: 4/8
  2141 | D:2      | Found a runed translucent door.
  2685 | D:2      | Noticed Crazy Yiuf
  2694 | D:2      | Killed Crazy Yiuf
  2695 | D:2      | Reached skill level 1 in Axes
  2905 | D:3      | Noticed a scorpion
  2916 | D:3      | Killed a scorpion
  2917 | D:3      | Reached skill level 4 in Fire Magic
  2917 | D:3      | Reached XP level 5. HP: 14/32 MP: 6/9
  3018 | D:3      | Noticed Sigmund
  3031 | D:3      | Killed Sigmund
  3032 | D:3      | Reached skill level 1 in Fighting
  3032 | D:3      | Reached XP level 6. HP: 38/38 MP: 4/11
  3401 | D:3      | Learned a level 3 spell: Inner Flame
  3462 | D:3      | Noticed Terence
  3474 | D:3      | Killed Terence
  3787 | D:3      | Found a glowing silver altar of Zin.
  3822 | D:3      | Found a faded altar of an unknown god.
  3855 | D:3      | Identified the +8 sling "Dar Yhut" {flame, rCorr}
  4124 | D:3      | Upgraded the game from 0.30-a0-605-gb2882149bf to
                  | 0.30-a0-613-gdd512c7efb
  4143 | D:4      | Found a bloodstained altar of Trog.
  4336 | D:4      | Slain by a river rat

Illustrated notes

Levels and vault maps discovered:
D:1:      ebering_trefoil_twist, layout_basic
D:2:      layout_loops_ring, basic_altar, uniq_crazy_yiuf_cottage, uniq_robin
D:3:      layout_basic, zin_treasury, dreamdust_ecumenical_altar_grove,
          minmay_crystal_room, uniq_terence, uniq_sigmund
D:4:      layout_loops_corners, mainiacjoe_overflow_surrounded_room,
          lightli_sewer_entry_pipes, minmay_shop_grid_forest,
          hangedman_decor_push

Skill      XL: |  1  2  3  4  5 |
---------------+----------------+-----
Stealth        | 3 |  3.8
Axes           | 1 2 |  2.4
Spellcasting   | 3 |  3.7
Conjurations   | 2 |  2.6
Fire Magic     | 4 |  4.6
Fighting       | 1 |  1.2
Throwing       | |  0.1
Dodging        | |  2.3

Action                   |  1- 3 |  4- 6 || total
-------------------------+-------+-------++-------
Melee: Unarmed           |     5 |       ||     5
       Tentacles         |     6 |     1 ||     7
       Constrict         |     4 |     6 ||    10
       Dagger            |     1 |       ||     1
       Hand axe          |    35 |    15 ||    50
 Fire: Sling             |       |    25 ||    25
Throw: Dart              |     1 |       ||     1
 Cast: Foxfire           |    31 |    33 ||    64
  Use: Scroll            |     1 |       ||     1
       Potion            |       |     2 ||     2
 Stab: Sleeping          |     1 |       ||     1
Armor: Skin              |     6 |     2 ||     8
Dodge: Dodged            |    28 |    24 ||    52

Table legend: (Time is in decaauts)
 A = Elapsed time spent in this place.
 B = Non-inter-level travel time spent in this place.
 C = Inter-level travel time spent in this place.
 D = Time resting spent in this place.
 E = Time spent auto-exploring this place.
 F = Levels seen in this place.
 G = Mean time per level.
                   A        B        C        D        E       F      G
               +--------+--------+--------+--------+--------+-----+--------+
         Total |   4357 |   4357 |      0 |   1137 |      0 |   4 | 1089.2 |
       Dungeon |   4357 |   4357 |      0 |   1137 |      0 |   4 | 1089.2 |
               +--------+--------+--------+--------+--------+-----+--------+

Top non-repeatable levels by time:
     D:2: 1526 daAuts
     D:1: 1325 daAuts
     D:3: 1290 daAuts
     D:4: 215 daAuts
